 Dungeon Crawl Stone Soup version 0.22-a0-515-g75794bf (webtiles) character file.

8 inc the Shield-Bearer (level 2, 21/21 HPs)
             Began as an Octopode Fighter on June 19, 2018.
             Quit the game on level 1 of the Dungeon.
             The game lasted 00:00:21 (295 turns).

inc the Shield-Bearer (Octopode Fighter)             Turns: 295, Time: 00:00:21

Health: 21/21      AC:  1    Str: 15    XL:     2   Next: 8%
Magic:  2/2        EV: 11    Int: 10    God:
Gold:   28         SH:  8    Dex: 11    Spells: 1/1 levels left

rFire    . . .     SeeInvis .     - Unarmed
rCold    . . .     Gourm    .   a - +0 shield
rNeg     . . .     Faith    .   (helmet restricted)
rPois    .         Spirit   .   (no amulet)
rElec    .         Reflect  .   (no ring)
rCorr    .         Harm     .   (no ring)
MR       .....                  (no ring)
Stlth    ++........             (no ring)
HPRegen  0.07/turn              (no ring)
MPRegen  0.08/turn              (no ring)
                                (no ring)
                                (no ring)

@: no status effects
A: almost no armour, stealthy swim, amphibious, 8 rings, constrict 8, camouflage
1, gelatinous body 1
a: no special abilities


You were on level 1 of the Dungeon.
You were not hungry.

You visited 1 branch of the dungeon, and saw 1 of its levels.

You collected 28 gold pieces.

Inventory:

Armour
 a - a +0 shield (worn)
Scrolls
 f - a scroll of identify {unknown}
 g - a scroll of magic mapping {unknown}
Potions
 b - a potion of might
 d - a potion of haste {unknown}
 e - a potion of heal wounds {unknown}
Comestibles
 c - a ration


   Skills:
 - Level 3.0 Fighting
 - Level 3.0 Dodging
 + Level 3.5 Shields
 - Level 2.0 Unarmed Combat


You had one spell level left.
You didn't know any spells.
Your spell library was empty.

Dungeon Overview and Level Annotations

Branches:
Dungeon (1/15)

Altars:


Innate Abilities, Weirdness & Mutations

You cannot wear most types of armour.
You are very stealthy in the water. (Stealth+)
You are amphibious.
You can wear up to eight rings at the same time.
You can use your tentacles to constrict eight enemies at once.
Your skin changes colour to match your surroundings (Stealth+).
Your rubbery body absorbs attacks. (AC +1, EV +1)


Message History

No target in view!
No target in view!
No target in view!
No target in view!
No target in view!
No target in view!
No target in view!
You now have 28 gold pieces (gained 11).
You see here a dagger.
g - a scroll labeled GAEG YTIXI
Found 27 stones.
Found a stone staircase leading down.
Found a club.
You open the door.
A frilled lizard comes into view.
Found a potion of might.
A frilled lizard is nearby!
A frilled lizard is nearby!
There is an open door here.
Are you sure you want to abandon this character and quit the game? (Confirm with "yes".)

## #.........###.##.#
..#....)##..###.##.####
#.#.#...........(........
#.......###..###.##.###.
.#.#.#.......# #.##.# #.
#.#.####.## #.##)# #.
#........# #.##.# #.
###'###### # #.# #. #.!@#
#. #.# #. #....l#
#.##.###. #.......#
##........
#.........####...#.####
+.........+............
#.........####...#.####
##.......## ##.##.#
##.....## ###..# #.#.#


You could see a frilled lizard (sleeping).

Vanquished Creatures
  3 goblins (D:1)
  A hobgoblin (D:1)
  A ball python (D:1)
  A kobold (D:1)
  2 rats (D:1)
8 creatures vanquished.

Notes
Turn   | Place    | Note
-------+----------+-------------------------------------------
     0 | D:1      | inc the Octopode Fighter began the quest for the Orb.
     0 | D:1      | Reached XP level 1. HP: 16/16 MP: 1/1
   238 | D:1      | Reached XP level 2. HP: 21/21 MP: 2/2
   295 | D:1      | Quit the game

Vault maps used:
D:1:      dpeg_arrival_orchard, grunt_decor_mini_mirrors, kennysheep_flooded_box

Action                   || total
-------------------------++-------
Melee: Unarmed           ||    14
       Constrict         ||     5
       Tentacles         ||     5
Dodge: Dodged            ||     7
Block: Shield            ||     3

Table legend:
 A = Spawn XP
 B = Non-spawn XP
 C = Spawn XP percentage of total XP
 D = Spawn monster count
 E = Non-spawn monster count
 F = Spawn count percentage of total count
 G = Total turns spent on level
                    A         B        C        D         E        F      G
               +---------+---------+-------+---------+---------+-------+---------
         Total |       0 |      12 |   0.0 |       0 |       8 |   0.0 |   295
               +---------+---------+-------+---------+---------+-------+---------
           D:1 |       0 |      12 |   0.0 |       0 |       8 |   0.0 |   295
               +---------+---------+-------+---------+---------+-------+---------
